 Dungeon Crawl Stone Soup version 0.30-a0-1074-g5db6f66fbb (webtiles) character file.

Game seed: 15338957165488041546

130 jtron the Covered (level 4, -6/33 HPs)
             Began as a Demonspawn Wanderer on Apr 13, 2023.
             Mangled by Grinder (8 damage)
             ... while paralysed by Grinder
             ... on level 3 of the Dungeon.
             The game lasted 00:07:00 (2301 turns).

jtron the Covered (Demonspawn Wanderer)             Turns: 2301, Time: 00:07:00

Health: -6/33      AC:  9    Str: 17    XL:     4   Next: 89%
Magic:  4/4        EV:  2    Int: 10    God:
Gold:   89         SH:  0    Dex: 13    Spells: 3/3 levels left

rFire   . . .      SeeInvis .    a - +0 short sword
rCold   . . .      Faith    .    (no shield)
rNeg    . . .      Spirit   .    b - +0 chain mail
rPois   .          Reflect  .    (no helmet)
rElec   .          Rampage  .    (no cloak)
rCorr   .                        (no gloves)
Will    .....                    (no boots) Stlth
                                 (no amulet)
HPRegen 0.25/turn                (no ring)
MPRegen 0.18/turn                (no ring)

@: paralysed
A: hooves 1, magic regeneration, condensation shield
a: no special abilities


You were on level 3 of the Dungeon.
You visited 1 branch of the dungeon, and saw 3 of its levels.

You collected 89 gold pieces.

Inventory:

Hand Weapons
 a - a +0 short sword (weapon)
 m - a +0 spectral club
Missiles
 e - 9 stones (quivered)
Armour
 b - a +0 chain mail (worn)
Scrolls
 c - a scroll of fog
 f - a scroll of noise {unknown}
 g - a scroll of blinking
 i - a scroll of teleportation {unknown}
 j - a scroll of torment {unknown}
Potions
 d - 2 potions of brilliance
 l - a potion of ambrosia


   Skills:
 + Level 1.6 Fighting
 + Level 3.6 Short Blades
 + Level 1.4 Throwing
 + Level 5.2 Armour
 + Level 1.0 Dodging
 + Level 0.5 Shields


You had 3 spell levels left.
You didn't know any spells.
Your spell library contained the following spells:

 Spells                   Type           Power      Damage    Failure   Level
 Necrotise                Necr           0%         1d4       98%         1
 Vampiric Draining        Necr           0%         2d6       100%        3
 Agony                    Necr           0%         N/A       100%        5


Dungeon Overview and Level Annotations

Branches:
Dungeon (3/15)

Altars:

Annotations:
D:3 Grinder, Sigmund


Innate Abilities, Weirdness & Mutations

You have large cloven feet.
You regenerate magic rapidly.
A meltable shield of frost defends you. (SH +4)


Message History

You suddenly lose the ability to move!
You can move again.
No other quiver actions available for cycling.
Throw: 11 stones
Press: ? - help, Q - select action Shift-Dir - straight line, f/p - Grinder
Aim: Grinder (heavily wounded, 52% to hit)
You throw a stone. The stone barely misses Grinder.
Throw: 10 stones
Press: ? - help, Q - select action Shift-Dir - straight line, f/p - Grinder
Aim: Grinder (heavily wounded, 52% to hit)
You throw a stone.
The stone hits Grinder but does no damage.
Grinder is heavily wounded.
You closely miss Grinder. Your kick misses Grinder.
Grinder is heavily wounded.
Grinder gestures at you. Pain shoots through your body!
You hit Grinder.
Grinder is severely wounded.
Grinder gestures at you.
You shrug off the repeated paralysis!
You barely miss Grinder.
Grinder is severely wounded.
You hit Grinder but do no damage. Your kick misses Grinder.
Grinder is severely wounded.
Grinder hits you.
* * * LOW HITPOINT WARNING * * *
You hit Grinder but do no damage. You kick Grinder.
Grinder is severely wounded.
Grinder hits you.
* * * LOW HITPOINT WARNING * * *
You hit Grinder.
Grinder is almost dead.
Grinder gestures at you.
You suddenly lose the ability to move!
You hear the brisk rusting of a distant drain.
Grinder gestures at you.
You shrug off the repeated paralysis!
Grinder hits you!
You die...

########## #<........
#####)########
.##....<.....# #
.....###.####.#####.#
........@............
.#######5###.........
#######...(†..##
.......(.##...##
...............#
#####.(###.....#
#(.##.##.#..#
#(............#
##.##.##.#..###


You could see Grinder.

Vanquished Creatures
  Ijyb (D:2)
  5 adders (D:2)
  A worm (D:2)
  A dart slug (D:3)
  An orc (D:3)
  4 ball pythons
  2 bats (D:1)
  6 endoplasms
  3 giant cockroaches
  8 goblins
  5 hobgoblins
  A quokka (D:1)
  A frilled lizard (D:2)
  5 kobolds
  8 rats
52 creatures vanquished.

Notes
Turn   | Place    | Note
-------+----------+-------------------------------------------
     0 | D:1      | jtron the Demonspawn Wanderer began the quest for the Orb.
     0 | D:1      | jtron set off with the following items: a +0 short sword, a
                  | +0 chain mail, a scroll of fog, a potion of brilliance.
     0 | D:1      | Reached XP level 1. HP: 15/15 MP: 1/1
   182 | D:1      | Gained mutation: A meltable shield of frost defends you.
                  | (SH +4) [demonic ancestry]
   182 | D:1      | Reached XP level 2. HP: 20/21 MP: 2/2
  1061 | D:2      | Gained mutation: You have large cloven feet. [demonic
                  | ancestry]
  1061 | D:2      | Reached XP level 3. HP: 21/26 MP: 3/3
  1341 | D:2      | Reached skill level 5 in Armour
  1468 | D:2      | Gained mutation: You regenerate magic rapidly. [demonic
                  | ancestry]
  1468 | D:2      | Reached XP level 4. HP: 25/32 MP: 4/4
  1957 | D:3      | Noticed Sigmund
  2029 | D:3      | Reached skill level 1 in Dodging
  2048 | D:3      | Noticed Ijyb
  2051 | D:3      | Paralysed by Ijyb for 2 turns
  2106 | D:2      | Killed Ijyb
  2126 | D:3      | Noticed Grinder
  2258 | D:3      | Paralysed by Grinder for 2 turns
  2270 | D:3      | Paralysed by Grinder for 4 turns
  2288 | D:3      | Paralysed by Grinder for 3 turns
  2298 | D:3      | HP: 1/33 [Grinder (5)]
  2299 | D:3      | Paralysed by Grinder for 4 turns
  2301 | D:3      | Mangled by Grinder

Illustrated notes

Levels and vault maps discovered:
D:1:      heliophobic_arrival_enchanted_forest, layout_basic
D:2:      layout_basic, serial_glass, glass_columns_b, glass_columns_a,
          glass_columns_a, glass_columns_b, minmay_strange_pillars, st_stairs_9
D:3:      layout_loops_ring, gup_sewer_entry_pipe, serial_glass,
          glass_columns_a, glass_columns_a, uniq_sigmund, uniq_ijyb,
          uniq_grinder, uniq_natasha, uniq_robin

Skill      XL: |  1  2  3  4 |
---------------+-------------+-----
Short Blades   | 3 |  3.6
Armour         | 5 |  5.2
Dodging        | 1 |  1.0
Fighting       | |  1.6
Throwing       | |  1.4
Shields        | |  0.5

Action                     |  1- 3 |  4- 6 || total
---------------------------+-------+-------++-------
  Melee: Short sword       |   186 |   108 ||   294
         Kick              |    11 |    40 ||    51
         Punch             |       |     1 ||     1
  Throw: Dart              |    12 |    16 ||    28
         Stone             |       |     7 ||     7
         Boomerang         |       |     1 ||     1
    Use: Potion            |       |     2 ||     2
         Scroll            |       |     1 ||     1
 Armour: Chain mail        |    99 |    29 ||   128
  Dodge: Dodged            |    58 |    35 ||    93
  Block: Other             |    25 |    15 ||    40

Table legend: (Time is in decaauts)
 A = Elapsed time spent in this place.
 B = Non-inter-level travel time spent in this place.
 C = Inter-level travel time spent in this place.
 D = Time resting spent in this place.
 E = Time spent auto-exploring this place.
 F = Levels seen in this place.
 G = Mean time per level.
                   A        B        C        D        E       F      G
               +--------+--------+--------+--------+--------+-----+--------+
         Total |   2255 |   2136 |    119 |    172 |   1288 |   3 |  751.7 |
       Dungeon |   2255 |   2136 |    119 |    172 |   1288 |   3 |  751.7 |
               +--------+--------+--------+--------+--------+-----+--------+

Top non-repeatable levels by time:
     D:2: 1065 daAuts
     D:1: 959 daAuts
     D:3: 230 daAuts
